 Dungeon Crawl Stone Soup version 0.30-a0-772-g5528072125 (webtiles) character file.

Game seed: 833987920892979160

8 Mickster the Magician (level 1, -1/14 HPs)
             Began as a Demigod Wanderer on Feb 12, 2023.
             Slain by a gnoll
             ... wielding a +1 flail of protection
              (4 damage)
             ... on level 2 of the Dungeon.
             The game lasted 00:05:38 (526 turns).

Mickster the Magician (Demigod Wanderer)             Turns: 526, Time: 00:05:38

Health: -1/14      AC:  3    Str: 12    XL:     1   Next: 80%
Magic:  8/8        EV: 11    Int: 13    God:
Gold:   17         SH:  0    Dex: 15    Spells: 9/9 levels left

rFire   . . .      SeeInvis .    i - +0 spear
rCold   . . .      Faith    .    (no shield)
rNeg    . . .      Spirit   .    c - +0 robe
rPois   +          Reflect  .    d - +0 helmet
rElec   .          Harm     .    (no cloak)
rCorr   +          Rampage  .    (no gloves)
Will    .....                    (no boots)
Stlth   ++                       (no amulet)
HPRegen 0.22/turn                f - ring of poison resistance
MPRegen 0.11/turn                g - ring of resist corrosion

@: no status effects
A: high MP 1, forlorn, divine attributes
a: no special abilities


You were on level 2 of the Dungeon.
You visited 1 branch of the dungeon, and saw 2 of its levels.

You collected 17 gold pieces.

Inventory:

Hand Weapons
 a - a +0 dagger
 i - a +0 spear (weapon)
Missiles
 h - 9 stones (quivered)
Armour
 c - a +0 robe (worn)
 d - a +0 helmet (worn)
 e - a +2 leather armour of fire resistance
Jewellery
 f - a ring of poison resistance (left hand)
 g - a ring of resist corrosion (right hand)
Scrolls
 b - a scroll of blinking


   Skills:
 + Level 1.0 Dodging
 + Level 1.0 Stealth
 + Level 4.8 Spellcasting
 + Level 2.7 Transmutations


You had 9 spell levels left.
You didn't know any spells.
Your spell library contained the following spells:

 Spells                   Type           Power      Damage    Failure   Level
 Sting                    Tmut/Pois      24%        1d4       11%         1
 Passwall                 Tmut/Erth      5%         N/A       17%         2
 Spider Form              Tmut/Pois      6%         N/A       32%         3
 Ignite Poison            Fire/Tmut/Pois 5%         N/A       36%         3


Dungeon Overview and Level Annotations

Branches:
Dungeon (2/15)


Innate Abilities, Weirdness & Mutations

You have an increased reservoir of magic. (+10% MP)
You shall have no god before yourself.
Your divine heritage dramatically boosts your attributes as you level up.


Message History

The gnoll shouts!
You hear an angry hiss.
A gnoll comes into view. It is wielding a +0 flail.
You see here 2 stones.
A gnoll comes into view. It is wielding a +0 whip.
The gnoll shouts!
You hit the gnoll.
The gnoll is moderately wounded.
The gnoll closely misses you.
You hit the gnoll but do no damage.
The gnoll is moderately wounded.
The gnoll hits you but does no damage.
You hit the gnoll.
The gnoll is severely wounded.
The gnoll misses you.
You hit the gnoll but do no damage.
The gnoll is severely wounded.
The gnoll hits you with a +1 flail of protection.
You hit the gnoll.
The gnoll is severely wounded.
The gnoll barely misses you.
You hit the gnoll.
The gnoll is almost dead.
The gnoll misses you.
You completely miss the gnoll.
The gnoll is almost dead.
The gnoll barely misses you. x2
You hit the gnoll but do no damage.
The gnoll is almost dead.
The gnoll closely misses you. The gnoll hits you but does no damage.
You barely miss the gnoll.
The gnoll is almost dead.
The gnoll barely misses you. The gnoll misses you.
You hit the gnoll but do no damage.
The gnoll is almost dead.
The gnoll misses you.
The gnoll hits you with a +1 flail of protection.
The gnoll hits you with a +0 whip.
* * * LOW HITPOINT WARNING * * *
The gnoll hits you with a +1 flail of protection.
You die...

#.# #. .## .. #.# #.
... ..# #.####
#.####.## #.# .....#
#(...(. .(# #.##.#
#..##.##.. #.##.#
#.#.#.#.# # #<.#.#
###.##...##.##.. .#.#.#
#......(.g.(....
.....####.#.##..@##.#..
..........#.#.#.#g#
...##.###.#..##.##g.
.#.##.# #.#(...(. .(#
##.##.# #..####.## #..
..##.# #### ..# ###
.....# ### #.##### #.


You could see 3 gnolls.

Vanquished Creatures
  A dart slug (D:1)
  An endoplasm (D:1)
  A hobgoblin (D:1)
  A quokka (D:1)
  2 rats (D:1)
6 creatures vanquished.

Notes
Turn   | Place    | Note
-------+----------+-------------------------------------------
     0 | D:1      | Mickster the Demigod Wanderer began the quest for the Orb.
     0 | D:1      | Mickster set off with the following items: a +0 dagger, a
                  | scroll of blinking, a +0 robe, a +0 helmet; and the
                  | following spells available to memorise: Sting, Passwall,
                  | Spider Form, Ignite Poison.
     0 | D:1      | Reached XP level 1. HP: 14/14 MP: 8/8
   526 | D:2      | Slain by a gnoll

Illustrated notes

Levels and vault maps discovered:
D:1:      dpeg_arrival_snail, layout_rooms
D:2:      layout_loops_corners, hangedman_decor_growths, roderic_three_in_a_row,
          uniq_terence, uniq_natasha

Action                     || total
---------------------------++-------
  Melee: Dagger            ||    37
         Spear             ||    10
    Use: Scroll            ||     2
         Potion            ||     1
 Armour: Robe              ||     8
         Leather armour    ||     3
  Dodge: Dodged            ||    31

Table legend: (Time is in decaauts)
 A = Elapsed time spent in this place.
 B = Non-inter-level travel time spent in this place.
 C = Inter-level travel time spent in this place.
 D = Time resting spent in this place.
 E = Time spent auto-exploring this place.
 F = Levels seen in this place.
 G = Mean time per level.
                   A        B        C        D        E       F      G
               +--------+--------+--------+--------+--------+-----+--------+
         Total |    525 |    525 |      0 |    154 |      0 |   2 |  262.5 |
       Dungeon |    525 |    525 |      0 |    154 |      0 |   2 |  262.5 |
               +--------+--------+--------+--------+--------+-----+--------+

Top non-repeatable levels by time:
     D:1: 488 daAuts
     D:2: 36 daAuts
